 Dungeon Sprint DCSS version 0.21-a0-442-g848f44b (webtiles) character file.

44 Kidiri the Insei (level 3, -3/33 HPs)
             Began as a Draconian Transmuter on Nov 16, 2017.
             Slain by a water elemental (16 damage)
             ... in the Dungeon (Sprint III: "The Ten Rune Challenge").
             The game lasted 00:01:28 (407 turns).

Kidiri the Insei (Draconian Transmuter)              Turns: 407, Time: 00:01:29

Health: -3/33      AC:  2    Str: 12    XL:     3   Next: 39%
Magic:  2/7        EV: 21    Int: 13    God:
Gold:   31         SH:  0    Dex: 17    Spells: 1/7 levels left

rFire    . . .     SeeInvis .     - Unarmed
rCold    . . .     Gourm    .   (shield currently unavailable)
rNeg     . . .     Faith    .   (armour unavailable)
rPois    x         Spirit   .   (helmet currently unavailable)
rElec    .         Reflect  .   (cloak currently unavailable)
rCorr    .         Harm     .   (gloves currently unavailable)
MR       .....     NoTele   +   (boots currently unavailable)
Stlth    ++........             (no amulet)
HPRegen  0.11/turn              (no ring)
MPRegen  0.10/turn              (no ring)

@: spider-form (expiring)
A: unfitting armour, robust 1, AC +5
a: End Transformation


You were in the Dungeon.
You were not hungry.
You were a venomous arachnid creature.
You visited 1 branch You collected 31 gold pieces.

Inventory:

Missiles
 a - 11 arrows
Scrolls
 i - a scroll of blinking
 l - a scroll of immolation
 m - a scroll of fear
 r - a scroll of torment
 s - 2 scrolls of remove curse
Potions
 d - a potion of curing
 e - a potion of heal wounds
 f - a potion of haste
 g - 2 potions of magic
 h - a potion of berserk rage
 k - a potion of mutation
 p - 2 potions of lignification
 q - 3 potions of flight
Books
 b - a book of Changes

   Spells                             Type                      Level
   a - Beastly Appendage              Transmutation                1
   b - Sticks to Snakes               Transmutation                2
   c - Spider Form                    Transmutation/Poison         3
   d - Ice Form                       Ice/Transmutation            4
   e - Blade Hands                    Transmutation                5
Comestibles
 c - a bread ration
 o - 4 fruits


   Skills:
 + Level 2.5 Fighting
 * Level 3.3 Dodging
 + Level 1.9 Stealth
 * Level 4.3 Unarmed Combat
 + Level 2.8 Spellcasting
 * Level 3.7 Transmutations
 + Level 0.0 Poison Magic


You had one spell level left.
You knew the following spells:

 Your Spells              Type           Power        Failure   Level  Hunger
a - Beastly Appendage     Tmut           ##....       14%         1    #......
b - Sticks to Snakes      Tmut           ##......     21%         2    ###....
c - Spider Form           Tmut/Pois      #.........   54%         3    ###....


Dungeon Overview and Level Annotations

Branches:
Dungeon (1/1)

Altars:


Innate Abilities, Weirdness & Mutations

((Your plain brown scales are hard. (AC +5)))
You cannot fit into any form of body armour.
((You are cold-blooded and may be slowed by cold attacks.))
((You have sharp fingernails.))
((You have a pair of small horns on your head.))
((Your system is resistant to poisons. (rPois)))
You are robust. (+10% HP)


Message History

You turn into a venomous arachnid creature.
You open the door.
Unknown command.
A water elemental comes into view.
There is an open door to the Ecumenical Temple here.
You hit the water elemental.
The water elemental is moderately damaged.
The water elemental hits you!!
Ouch! That really hurt!
The water elemental engulfs you in water!
Unknown command.
With effort, you pull free of the water engulfing you.
You gasp with relief as air once again reaches your lungs.
The water elemental barely misses you.
Casting: Spider Form
Confirm with . or Enter, or press ? or * to list all spells.
You create a snake!
You now have 11 arrows.
Your transformation is almost over.
The water elemental hits you!
You die...

▓▓▓▓▓▓ ▓▓▓ .#...####
##.# .#......#####..#
##.......#..#..#
.##.##...#..#..###+#+###
.##.###..##+#..#s.......
####.##..###...'E⌠......
##..##..####...#..S#####
....##.÷###....#.⌠.#
#..##...##.....#...#
..##....#......#+###
.###..##.#.....# .#
#..#####....# ▓▓ ▓▓▓▓
▓▓▓▓▓▓


You could see a water elemental and a friendly ball python.

Vanquished Creatures
  A human (D)
  A wolf (D)
  2 oozes (D)
  2 rats (D)
6 creatures vanquished.

Vanquished Creatures (others)
  2 draconian scorchers (D)
  6 hellions (D)
  A yaktaur (D)
  2 plants (D)
11 creatures vanquished.

Grand Total: 17 creatures vanquished

Notes
Turn   | Place    | Note
-------+----------+-------------------------------------------
     0 | D        | Kidiri the Draconian Transmuter began the quest for the Orb.
     0 | D        | Reached XP level 1. HP: 16/16 MP: 3/3
    86 | D        | Reached skill level 1 in Stealth
    86 | D        | Reached XP level 2. HP: 22/24 MP: 3/5
   105 | D        | Killed a hellion
   119 | D        | Killed a hellion
   124 | D        | Killed a hellion
   140 | D        | Killed a white draconian scorcher
   143 | D        | Killed a white draconian scorcher
   159 | D        | Killed a hellion
   160 | D        | Killed a hellion
   171 | D        | Reached skill level 4 in Unarmed Combat
   176 | D        | Reached XP level 3. HP: 12/30 MP: 5/7
   185 | D        | Killed a hellion
   186 | D        | Learned a level 2 spell: Sticks to Snakes
   190 | D        | Learned a level 3 spell: Spider Form
   210 | D        | Gained mutation: Your system is resistant to poisons. (rPois) [potion of mutation]
   210 | D        | Gained mutation: You have a pair of small horns on your head. [potion of mutation]
   210 | D        | Gained mutation: You have sharp fingernails. [potion of mutation]
   210 | D        | Gained mutation: You are robust. (+10% HP) [potion of mutation]
   235 | D        | Killed a yaktaur
   404 | D        | Noticed a water elemental
   407 | D        | Slain by a water elemental

Vault maps used:
D:        dungeon_sprint_mu

Skill      XL: |  1  2 |
---------------+-------+-----
Dodging        | 2 3 |  3.3
Stealth        | 1 |  1.9
Fighting       | 2 |  2.5
Unarmed Combat | 4 |  4.3
Transmutations | 3 |  3.7
Spellcasting   | |  2.8

Action                   || total
-------------------------++-------
Melee: Unarmed           ||    26
       Tailslap          ||     4
       Kick              ||     1
       Headbutt          ||     1
 Cast: Beastly Appendage ||     4
       Spider Form       ||     1
       Sticks to Snakes  ||     1
  Use: Potion            ||     3
       Scroll            ||     3
Armor: Skin              ||     3
Dodge: Dodged            ||    14

Table legend:
 A = Spawn XP
 B = Non-spawn XP
 C = Spawn XP percentage of total XP
 D = Spawn monster count
 E = Non-spawn monster count
 F = Spawn count percentage of total count
 G = Total turns spent on level
                    A         B        C        D         E        F      G
               +---------+---------+-------+---------+---------+-------+---------
         Total |       0 |      63 |   0.0 |       0 |       6 |   0.0 |   407
               +---------+---------+-------+---------+---------+-------+---------
             D |       0 |      63 |   0.0 |       0 |       6 |   0.0 |   407
               +---------+---------+-------+---------+---------+-------+---------
